Map: New Gettysburg LE

Players

Zerghamdi

  • Race: Zerg Zerg
  • League: Master

Stephano - Winner!

  • Race: Zerg Zerg
  • League: Master

VOD

https://www.youtube.com/channel/UCcSgNfDNxvyisU-eCj9xyNg/playlists

Description

Time

  • Played on: Aug. 27, 2016, 6:16 a.m.
  • Length: 10:42
Show
View Real Time Build Order
Export as new Build Order

Zerghamdi Zerg 

Build Orders: Pool First 

Get SALT Encoding   

  12  0:01  Drone  
  13  0:13  Overlord  
  13  0:18  Drone  
  14  0:32  Drone x2  
  16  0:37  Drone  
  17  0:47  Spawning Pool  
  16  0:50  Drone  
  17  0:58  Drone  
  18  1:13  Hatchery  
  17  1:21  Drone x2  
  19  1:29  Overlord  
  19  1:37  Queen, Extractor  
  20  1:41  Zergling x2  
  21  1:50  Zergling x2  
  22  2:01  Drone  
  23  2:12  Drone  
  23  2:15  Queen  
  26  2:22  Overlord  
  26  2:25  Drone  
  27  2:32  Queen  
  27  2:33  Drone  
  27  2:37  Drone  
  31  2:38  Metabolic Boost  
  31  2:43  Drone  
  32  2:47  Zergling x6  
  34  2:56  Drone  
  34  3:00  Zergling x4  
  36  3:11  Drone x2  
  38  3:24  Drone x4  
  38  3:26  Overlord, Roach Warren  
  41  3:30  Overlord  
  41  3:41  Zergling x2  
  41  3:45  Zergling x2  
  41  3:46  Zergling x4  
  44  3:53  Zergling x4  
  46  4:07  Roach x6  
  58  4:12  Overlord  
  58  4:13  Overlord  
  49  4:32  Drone x6  
  49  4:35  Drone  
  55  4:46  Roach x2  
  55  4:49  Hatchery  
  58  4:54  Roach x2  
  62  5:00  Extractor  
  62  5:02  Drone x3  
  62  5:03  Evolution Chamber  
  63  5:09  Drone x2  
  65  5:15  Drone x3  
  65  5:17  Drone  
  67  5:23  Roach  
  67  5:28  Overlord  
  67  5:35  Overlord  
  63  5:37  Roach x3  
  63  5:39  Extractor  
  63  5:40  Roach  
  63  5:41  Zerg Missile Weapons Level 1  
  63  5:42  Roach  
  68  5:44  Spine Crawler  
  67  5:51  Roach x3  
  67  5:54  Roach  
  75  6:02  Roach  
  77  6:10  Overlord x2  
  77  6:14  Queen  
  77  6:16  Lair  
  79  6:20  Roach  
  79  6:27  Drone x3  
  79  6:28  Overlord x2, Drone  
  79  6:29  Drone x2  
  85  6:38  Drone x5  
  90  6:41  Drone  
  91  6:49  Extractor  
  91  6:50  Drone  
  91  6:51  Drone x5  
  91  6:54  Extractor  
  95  6:55  Roach  
  97  7:03  Drone x2, Extractor  
  97  7:07  Roach  
  94  7:12  Roach x2  
  98  7:18  Overlord  
  98  7:20  Roach  
  101  7:24  Glial Reconstitution  
  101  7:25  Roach x2  
  101  7:28  Extractor  
  101  7:29  Overlord x2  
  104  7:30  Hydralisk Den  
  104  7:33  Overseer  
  104  7:36  Overlord  
  103  7:37  Drone x3  
  103  7:38  Roach x2  
  103  7:41  Zerg Missile Weapons Level 2  
  110  7:51  Roach  
  110  7:52  Roach x4  
  110  7:55  Roach x2  
  124  7:59  Roach x2  
  124  8:01  Roach  
  124  8:02  Overseer  
  124  8:04  Roach  
  130  8:09  Roach x2  
  134  8:17  Roach x2  
  134  8:18  Overlord x2  
  138  8:25  Muscular Augments  
  138  8:40  Hydralisk x2  
  138  8:41  Hydralisk x6  
  154  8:54  Hydralisk  
  154  8:55  Overlord x3  
  154  9:05  Overlord x2  
  154  9:15  Hydralisk x3  
  154  9:16  Hydralisk x2  
  164  9:19  Hydralisk  
  166  9:28  Hatchery  
  126  9:59  Roach x5  
  128  10:00  Roach x6  
  82  10:15  Roach x4  
  68  10:22  Overlord  
Show
View Real Time Build Order
Export as new Build Order

Stephano Zerg - Winner!

Build Orders: Hatch First, Lurkers 

Get SALT Encoding   

  12  0:01  Drone  
  13  0:13  Overlord  
  13  0:18  Drone  
  14  0:31  Drone x2  
  14  0:35  Drone  
  17  0:54  Hatchery  
  17  0:56  Drone  
  17  0:59  Drone  
  18  1:14  Spawning Pool  
  18  1:16  Drone  
  18  1:19  Drone  
  19  1:29  Drone  
  20  1:42  Overlord  
  20  1:57  Drone  
  21  2:01  Queen  
  21  2:06  Queen  
  25  2:10  Drone  
  25  2:12  Overlord  
  25  2:14  Zergling x2  
  27  2:17  Zergling x2  
  28  2:24  Zergling x2  
  28  2:29  Zergling x2  
  30  2:34  Zergling x2  
  31  2:37  Queen  
  31  2:42  Queen  
  35  2:47  Drone x2  
  35  2:50  Drone  
  37  2:55  Drone  
  38  3:00  Overlord  
  38  3:03  Extractor  
  38  3:05  Extractor  
  36  3:07  Roach Warren, Drone  
  36  3:10  Drone  
  37  3:14  Spine Crawler  
  37  3:15  Zergling x6  
  37  3:17  Drone x2  
  41  3:20  Drone x2  
  43  3:27  Drone  
  43  3:30  Drone  
  45  3:46  Drone x2  
  45  3:47  Drone  
  45  3:48  Overlord  
  48  3:55  Evolution Chamber  
  47  4:03  Roach x2  
  47  4:06  Hatchery  
  47  4:07  Drone x2  
  52  4:26  Roach x3  
  52  4:28  Drone x2  
  54  4:31  Drone x2  
  54  4:33  Zerg Melee Weapons Level 1  
  54  4:35  Drone  
  54  4:38  Evolution Chamber  
  56  4:41  Overlord  
  58  4:53  Lair  
  58  4:56  Roach  
  58  4:57  Overlord  
  59  5:01  Roach x2  
  59  5:04  Roach x3  
  64  5:32  Roach x2  
  64  5:33  Roach, Drone  
  64  5:34  Queen, Drone x3  
  73  5:40  Drone x2  
  73  5:42  Overlord  
  73  5:44  Zerg Ground Armor Level 1  
  73  5:46  Extractor  
  73  5:49  Drone  
  73  5:50  Overlord  
  73  5:51  Overlord  
  73  5:59  Overlord  
  73  6:02  Drone x2  
  75  6:04  Extractor  
  75  6:07  Drone x2  
  75  6:09  Overseer  
  76  6:13  Overlord  
  76  6:22  Overlord  
  76  6:24  Zergling x20  
  76  6:25  Metabolic Boost  
  86  6:31  Drone  
  87  6:34  Drone  
  87  6:35  Zerg Melee Weapons Level 2  
  87  6:37  Drone  
  90  6:47  Drone x3  
  90  6:48  Hydralisk Den  
  91  7:00  Roach x6  
  103  7:07  Zergling x10  
  108  7:16  Drone x2  
  108  7:18  Extractor  
  108  7:19  Extractor  
  108  7:20  Spine Crawler  
  108  7:21  Spine Crawler  
  106  7:23  Drone x3  
  106  7:24  Lurker Den  
  109  7:31  Overlord, Glial Reconstitution  
  109  7:33  Overlord x2  
  109  7:34  Drone  
  109  7:35  Drone x3  
  113  7:52  Zerg Ground Armor Level 2  
  113  8:00  Hydralisk  
  113  8:01  Hydralisk x3  
  121  8:10  Drone x3  
  121  8:11  Infestation Pit  
  123  8:14  Drone x3  
  123  8:16  Drone x2  
  128  8:21  Hatchery  
  128  8:25  Drone x2  
  129  8:30  Hydralisk x4  
  137  8:35  Spine Crawler  
  137  8:37  Spine Crawler  
  133  8:52  Lurker x4  
  124  9:02  Lurker x2  
  124  9:04  Roach  
  124  9:05  Drone  
  124  9:06  Drone  
  124  9:07  Pneumatized Carapace  
  124  9:08  Spine Crawler  
  124  9:09  Spine Crawler  
  125  9:10  Spine Crawler  
  125  9:16  Lurker  
  125  9:20  Spine Crawler  
  125  9:22  Spine Crawler  
  125  9:23  Zergling x14  
  130  9:26  Overlord x2  
  129  9:33  Spine Crawler  
  127  9:45  Roach x7  
  137  9:46  Hatchery  
  136  9:55  Roach x5  
  125  10:09  Roach x6  
  128  10:21  Zergling x2, Hydralisk Den  
  124  10:22  Zergling x6  
  124  10:26  Drone x2  
Tags
 
Add a new tag
Caveats
  • Supply blocks, unpowered buildings, or Contaminate may cause inaccurate times.
  • Supply counts are checked every 10 seconds.